 Dungeon Sprint DCSS version 0.16-a0-3803-gd4b2de5 (console) character file.

46346 Monkaria the Orcish Blade (level 14, -6/138 HPs)
             Began as a Hill Orc Fighter on Jan 26, 2015.
             Was the Champion of Makhleb.
             Killed from afar by Nikola (26 damage)
             ... with a chain lightning
             ... in the Dungeon (Sprint IX: "|||||||||||||||||||||||||||||").
             The game lasted 00:22:00 (4104 turns).

Monkaria the Orcish Blade (Hill Orc Fighter)        Turns: 4104, Time: 00:22:01

Health: -6/138     AC: 33    Str: 25 (27) XL:     14   Next: 37%
Magic:  32/32      EV: 11    Int:  2 (6)  God:    Makhleb [******]
Gold:   613        SH:  0    Dex:  8      Spells: 0 memorised, 13 levels left

rFire  + . .     SeeInvis +     F - +3 triple sword (slice)
rCold  + . .     Clarity  .     M - +9 plate armour {rF+}
rNeg   . . .     SustAb   .     (no shield)
rPois  .         Gourm    .     E - +2 hat {SInv}
rElec  .         Spirit   .     r - +0 cloak
rCorr  .         Warding  .     s - +0 pair of gloves
rMut   .         NoTele   +     (no boots)
MR     +++..                    (no amulet)
Stlth  ..........               u - +3 ring of strength
                                J - ring of protection from cold

@: very slightly contaminated, extremely resistant to hostile enchantments,
extremely unstealthy
A: clumsy 1, dopey 1, frail 1, magic resistance 2, regeneration 2
a: Minor Destruction, Lesser Servant of Makhleb, Major Destruction, Greater
Servant of Makhleb, Renounce Religion


You were in the Dungeon.
You worshipped Makhleb.
Makhleb was exalted by your worship.
You were not hungry.

You visited 1 branch You collected 1881 gold pieces.
You spent 1268 gold pieces at shops.

Inventory:

Hand weapons
 c - a +0 great sword of flaming
 q - a +2 scimitar of flaming
 F - a +3 triple sword of slicing (weapon)
 P - the +7 morningstar of Righteous Anger {flame, rPois+ MR+ Str+4}
   (You found it in the Dungeon)

   It emits flame when wielded, causing extra injury to most foes and up to half
   again as much damage against particularly susceptible opponents.
   It affects your strength (+4).
   It protects you from poison.
   It affects your resistance to hostile enchantments.
Missiles
 t - 22 tomahawks (quivered)
Armour
 r - a +0 cloak (worn)
 s - a +0 pair of gloves (worn)
 x - an ice dragon hide
 D - a +0 helmet
 E - a +2 hat of see invisible (worn)
 M - a +9 plate armour of fire resistance (worn)
 N - a +0 mottled dragon armour
Jewellery
 u - a +3 ring of strength (right hand)
 v - a +3 ring of dexterity
 I - an uncursed ring of ice
 J - a ring of protection from cold (left hand)
 K - an uncursed ring of ice
Magical devices
 b - a wand of random effects (17)
 p - a wand of draining (2)
Scrolls
 k - 3 scrolls of blinking
 l - a scroll of fog
 n - 2 scrolls of remove curse
 o - 2 scrolls of amnesia
 w - a scroll of fear
 A - a scroll of identify
Potions
 a - a potion of agility
 e - a potion of might
 f - 6 potions of curing
 h - a potion of haste
 i - 4 potions of magic
 j - 3 potions of berserk rage
 m - a potion of invisibility
Miscellaneous
 G - a phantom mirror
Comestibles
 d - 13 meat rations
 z - 7 chunks of flesh
 B - 40 fruits
 C - 12 bread rations


   Skills:
 + Level 22.1 Fighting
 - Level 22.2 Long Blades
 - Level 19.0 Armour
 - Level 11.0 Dodging
   Level 3.2 Shields
 - Level 16.2 Invocations


You had 13 spell levels left.
You didn't know any spells.

Dungeon Overview and Level Annotations

Branches:
Dungeon (1/1)

Altars:
Cheibriados
Dithmenos
Elyvilon
Fedhas
Gozag
Kikubaaqudgha
Makhleb
Nemelex Xobeh
Okawaru
Qazlal
Ru
Sif Muna
Trog
Vehumet
Xom
Yredelemnul
Zin
The Shining One
Beogh
Jiyva
Lugonu

Shops:
D (:?*

Annotations:
D Nikola


Innate Abilities, Weirdness & Mutations

You are clumsy. (Dex -2)
You are dopey. (Int -2)
You are frail (-10% HP).
You are highly resistant to hostile enchantments.
You heal very quickly.


Message History

* * * LOW HITPOINT WARNING * * *
The lightning arc hits Nikola.
Nikola hits you but does no damage.
You are electrocuted!
* * * LOW HITPOINT WARNING * * *
Things that are here:
an enchanted short sword; a buckler; the human corpse of Norris Drink which item? (? for menu, Esc to quit)
You feel much better. Nikola casts a spell at you. The zap hits you!
* * * LOW HITPOINT WARNING * * *
Read which item? (? for menu, Esc to quit)
Blink to where?
Press: ? - help, Dir - move target cursor You are very lightly contaminated with residual magic.
As you read the scroll of blinking, it crumbles to dust.
Nikola mumbles some strange words.
You hear a mighty clap of thunder!
The lightning arc hits you!
You die...

,*,,,*,,,*,,,▓..@▓...▓...▓...▓...
,*,*,*,*,*,*,▓.▓§▓.▓.▓.▓2▓.▓1▓.▓.
,*,*,*,*,*,*,▓.▓.▓.▓.▓.▓.▓.▓.▓.▓.
,*,*+*,*,*,*,▓@▓.▓.▓.▓.▓.▓.▓.▓.▓.
,*,*,*,*+*,*,▓@▓.▓.▓.▓.▓.▓.▓.▓.▓'
,*,*,*,*,*,*,▓.▓.▓.▓.▓.▓.▓.▓.▓.▓.
+*,*,*,*,*,*,▓.▓.▓.▓.▓.▓.▓.▓.▓.▓.
,*,*,*,*,*,*,▓.▓.▓.▓.▓.▓.▓.▓.▓.▓[
,*,*,*,*,*,*,▓.▓@▓.▓.▓.▓.▓.▓.▓.▓[
,*,*,*,*,*,*,▓§▓'▓.▓.▓.▓'▓.▓'▓.▓)
,*,*,*,*,*,*+*,▓)▓.▓.▓.▓.▓.▓.▓.▓[
,*,*,*,*,*,*,*,▓.▓.▓.▓.▓.▓.▓.▓.▓.
,*,*,*,*,*,*,*,▓.▓.▓'▓.▓.▓.▓.▓.▓.
,*,*+*,*,*,*,*,▓.▓.▓†▓.▓.▓.▓.▓.▓'
,*,*,*,*,*,*,*,▓.▓.▓.▓.▓.▓.▓.▓.▓)
,*,*,*,*,*,*,*,▓)▓.▓.▓.▓)▓.▓∩▓.▓.
,*,*,*,*,*,*,*,▓.▓.▓.▓.▓.▓.▓)▓.▓.


You could see Nikola.

Vanquished Creatures
  A lich (D)
  A tengu reaver (D)
  A frost giant (D)
  A ghost moth (D)
  2 ironheart preservers (D)
  A stone giant (D)
  An ettin (D)
  A fire dragon (D)
  A yaktaur captain (D)
  3 ice dragons (D)
  A hydra (D)
  2 centaur warriors (D)
  A ghost crab (D)
  A deep elf knight (D)
  A giant orange brain (D)
  A spectral hydra (D)
  A sea snake (D)
  A swamp dragon (shapeshifter) (D)
  2 hill giants (D)
  5 orc knights (D)
  A deep elf conjurer (D)
  An ironbrand convoker (D)
  2 necromancers (D)
  2 griffons (D)
  2 water nymphs (D)
  A siren (D)
  2 elephants (D)
  A guardian serpent (shapeshifter) (D)
  A manticore (D)
  A spectral alligator snapping turtle (D)
  2 cyclopes (D)
  A phantasmal warrior (D)
  A spiny frog (D)
  A yaktaur (D)
  A kobold demonologist (D)
  A deep elf priest (D)
  A wind drake (D)
  2 demonic crawlers (D)
  A tengu conjurer (D)
  A troll (D)
  A griffon zombie (D)
  2 blink frogs (D)
  A basilisk (D)
  3 trapdoor spiders (D)
  A shadow (D)
  A wraith (D)
  A wyvern (D)
  2 water elementals (D)
  A yak (D)
  A steam dragon (D)
  Grum (D)
  A deep elf fighter (D)
  2 wolves (D)
  2 hippogriffs (D)
  A porcupine (D)
  7 orc warriors (D)
  2 water moccasins (D)
  2 centaurs (D)
  A boggart (D)
  A crocodile (D)
  A crocodile (shapeshifter) (D)
  An orc skeleton (D)
  7 giant frogs (D)
  An orc priest (D)
  An iguana (D)
  2 adders (D)
  2 orc zombies (D)
  A worm (D)
  A shadow imp (D)
  An ufetubus (D)
  A giant gecko (D)
  5 orcs (D)
  3 spectral bats (D)
  A bat skeleton (D)
  A bat zombie (D)
  A giant cockroach (D)
  2 hobgoblins (D)
  A jackal (D)
  2 quokkas (D)
  A ball python skeleton (D)
  3 bats (D)
  A giant cockroach zombie (D)
  A giant gecko zombie (D)
  A goblin (D)
  A jackal skeleton (D)
  A jackal zombie (D)
  4 rats (D)
  A rat zombie (D)
  A spectral giant cockroach (D)
  A spectral giant gecko (D)
140 creatures vanquished.

Vanquished Creatures (collateral kills)
  A sphinx (D)
  A frost giant (D)
  2 emperor scorpions (D)
  Gastronok (D)
  2 dire elephants (D)
  An ice dragon (D)
  2 anacondas (D)
  A shock serpent (D)
  A wizard (D)
  A wolf spider (D)
  An orc knight (D)
  An ugly thing (D)
  8 orc sorcerers (D)
  2 black mambas (D)
  4 elephants (D)
  A manticore (D)
  A naga mage (D)
  A yaktaur (D)
  A red devil (D)
  A giant leech (D)
  A queen bee (shapeshifter) (D)
  A boulder beetle (D)
  A ynoxinul (D)
  A tarantella (D)
  A naga (D)
  A water moccasin (D)
  2 orc warriors (D)
  3 orc priests (D)
  7 orc wizards (D)
  2 ufetubi (D)
  3 orc zombies (D)
  An orc (D)
58 creatures vanquished.

Vanquished Creatures (others)
  Norris (D)
  A fire giant (D)
  2 cacodemons (D)
  A balrug (D)
  2 green deaths (D)
  A blizzard demon (D)
  An ogre mage (D)
  2 alligators (D)
  A shambling mangrove (D)
  3 ravens (D)
  2 fungi (D)
  A plant (D)
18 creatures vanquished.

Grand Total: 216 creatures vanquished

Notes
Turn   | Place    | Note
--------------------------------------------------------------
     0 | D        | Monkaria, the Hill Orc Fighter, began the quest for the Orb.
     0 | D        | Reached XP level 1. HP: 19/19 MP: 1/1
    17 | D        | Reached skill level 4 in Fighting
    36 | D        | Reached XP level 2. HP: 15/28 MP: 2/2
    48 | D        | Reached skill level 5 in Fighting
    57 | D        | Reached skill level 5 in Long Blades
    58 | D        | Reached XP level 3. HP: 9/36 MP: 3/3
    67 | D        | Found a glowing silver altar of Zin.
    67 | D        | Found a glowing golden altar of the Shining One.
    67 | D        | Found an ancient bone altar of Kikubaaqudgha.
    67 | D        | Found a basalt altar of Yredelemnul.
    67 | D        | Found a shimmering altar of Xom.
    67 | D        | Found a radiant altar of Vehumet.
    67 | D        | Found an iron altar of Okawaru.
    68 | D        | Found a burning altar of Makhleb.
    69 | D        | Found a deep blue altar of Sif Muna.
    70 | D        | Found a bloodstained altar of Trog.
    71 | D        | Found a sparkling altar of Nemelex Xobeh.
    72 | D        | Found a white marble altar of Elyvilon.
    73 | D        | Found a roughly hewn altar of Beogh.
    74 | D        | Found a viscous altar of Jiyva.
    75 | D        | Found a corrupted altar of Lugonu.
    76 | D        | Found a blossoming altar of Fedhas.
    77 | D        | Became a worshipper of Makhleb the Destroyer
    78 | D        | Found a snail-covered altar of Cheibriados.
    79 | D        | Found a shadowy altar of Dithmenos.
    80 | D        | Found a stormy altar of Qazlal.
    81 | D        | Found an opulent altar of Gozag.
    82 | D        | Found a sacrificial altar of Ru.
   280 | D        | Noticed a centaur
   280 | D        | Noticed a centaur
   280 | D        | Noticed a giant frog
   280 | D        | Noticed a giant frog
   285 | D        | Killed a giant frog
   285 | D        | Reached skill level 6 in Fighting
   285 | D        | Reached skill level 7 in Long Blades
   285 | D        | Reached XP level 4. HP: 35/45 MP: 4/4
   288 | D        | Killed a giant frog
   288 | D        | Acquired Makhleb's first power
   288 | D        | Reached skill level 8 in Fighting
   288 | D        | Reached skill level 9 in Long Blades
   288 | D        | Reached XP level 5. HP: 39/53 MP: 5/5
   300 | D        | Killed a centaur
   300 | D        | Acquired Makhleb's second power
   300 | D        | Reached skill level 10 in Long Blades
   300 | D        | Reached XP level 6. HP: 44/63 MP: 6/6
   303 | D        | Killed a centaur
   303 | D        | Reached skill level 11 in Long Blades
   400 | D        | Noticed a kobold demonologist
   400 | D        | Noticed a steam dragon
   400 | D        | Noticed a troll
   400 | D        | Noticed a crocodile
   400 | D        | Noticed a wyvern
   404 | D        | Killed a wyvern
   404 | D        | Reached skill level 10 in Fighting
   404 | D        | Reached skill level 12 in Long Blades
   404 | D        | Reached XP level 7. HP: 70/73 MP: 7/7
   404 | D        | Killed a crocodile
   404 | D        | Acquired Makhleb's third power
   404 | D        | Reached skill level 13 in Long Blades
   404 | D        | Killed a troll
   404 | D        | Reached skill level 14 in Long Blades
   409 | D        | Noticed a blue devil
   410 | D        | Killed a steam dragon
   410 | D        | Reached XP level 8. HP: 80/83 MP: 8/8
   419 | D        | Killed a kobold demonologist
   419 | D        | Acquired Makhleb's fourth power
   419 | D        | Reached skill level 15 in Long Blades
   423 | D        | Gained mutation: You are dopey. (Int -2) [mutagenic meat]
   424 | D        | Gained mutation: You have supernaturally acute eyesight. [mutagenic meat]
   618 | D        | Noticed a seven-headed hydra
   618 | D        | Noticed a spiny frog
   618 | D        | Noticed a porcupine
   618 | D        | Noticed a giant frog
   618 | D        | Noticed a blink frog
   618 | D        | Noticed an iguana
   619 | D        | Killed an iguana
   620 | D        | Noticed a water moccasin
   622 | D        | Noticed a blink frog
   632 | D        | Killed a blink frog
   632 | D        | Reached skill level 16 in Long Blades
   638 | D        | Killed a giant frog
   638 | D        | Acquired Makhleb's fifth power
   642 | D        | Killed a porcupine
   642 | D        | Reached skill level 5 in Invocations
   647 | D        | Killed a spiny frog
   647 | D        | Reached XP level 9. HP: 87/92 MP: 9/21
   654 | D        | Killed a two-headed hydra
   659 | D        | Killed a water moccasin
   686 | D        | HP: 1/92 [blink frog (15)]
   690 | D        | Killed a blink frog
   938 | D        | Noticed a crocodile
   938 | D        | Noticed a giant frog
   938 | D        | Noticed a hippogriff
   938 | D        | Noticed a giant frog
   939 | D        | Killed a giant frog
   945 | D        | Killed a hippogriff
   945 | D        | Reached skill level 15 in Invocations
   949 | D        | Killed a giant frog
   959 | D        | Killed a crocodile
   960 | D        | Noticed a yak
   961 | D        | Noticed a hippogriff
   966 | D        | Killed a yak
   966 | D        | Reached XP level 10. HP: 100/100 MP: 26/28
   973 | D        | Killed a hippogriff
   986 | D        | Noticed a dire elephant
   986 | D        | Noticed an elephant
   986 | D        | Noticed an elephant
   986 | D        | Noticed a dire elephant
   986 | D        | Noticed an elephant
   986 | D        | Noticed an elephant
   986 | D        | Noticed an elephant
   992 | D        | Killed an elephant
  1002 | D        | Killed an elephant
  1004 | D        | Killed an elephant
  1015 | D        | Killed a dire elephant
  1028 | D        | Killed a dire elephant
  1028 | D        | Reached skill level 10 in Armour
  1036 | D        | Killed an elephant
  1042 | D        | Killed an elephant
  1071 | D        | Noticed an elephant
  1081 | D        | Killed an elephant
  1200 | D        | Noticed an orc knight
  1200 | D        | Noticed an orc warrior
  1200 | D        | Noticed an orc knight
  1203 | D        | Noticed an orc priest
  1205 | D        | Noticed an orc priest
  1211 | D        | Noticed an orc wizard
  1216 | D        | Noticed an orc priest
  1216 | D        | Killed an orc knight
  1216 | D        | Killed an orc priest
  1222 | D        | Killed an orc warrior
  1222 | D        | Killed an orc wizard
  1222 | D        | Killed an orc priest
  1222 | D        | Killed an orc priest
  1226 | D        | Killed an orc knight
  1230 | D        | Noticed an orc priest
  1236 | D        | Killed an orc priest
  1590 | D        | Noticed an orc warrior
  1590 | D        | Noticed an orc warrior
  1590 | D        | Noticed an orc knight
  1590 | D        | Noticed an orc warrior
  1590 | D        | Noticed an orc warrior
  1590 | D        | Noticed an orc warrior
  1590 | D        | Noticed an orc warrior
  1591 | D        | Noticed an orc knight
  1763 | D        | Killed an orc warrior
  1763 | D        | Reached XP level 11. HP: 43/111 MP: 29/29
  1928 | D        | Killed an orc warrior
  1938 | D        | Killed an orc knight
  1938 | D        | Reached skill level 15 in Fighting
  2015 | D        | Killed an orc knight
  2059 | D        | Killed an orc warrior
  2072 | D        | Killed an orc warrior
  2115 | D        | Killed an orc warrior
  2129 | D        | Killed an orc warrior
  2137 | D        | Noticed an orc warrior
  2139 | D        | Noticed an orc sorcerer
  2140 | D        | Noticed an orc warrior
  2141 | D        | Killed an orc warrior
  2152 | D        | Noticed a soul eater
  2159 | D        | Killed an orc sorcerer
  2160 | D        | Killed an orc warrior
  2256 | D        | Found Niem's General Store.
  2256 | D        | Noticed an orc wizard
  2256 | D        | Noticed an orc wizard
  2256 | D        | Noticed an orc sorcerer
  2256 | D        | Noticed an orc wizard
  2256 | D        | Noticed an orc wizard
  2256 | D        | Noticed an orc sorcerer
  2257 | D        | Found Qaguhianus' Magic Scroll Shop.
  2258 | D        | Noticed an orc sorcerer
  2259 | D        | Killed an orc sorcerer
  2259 | D        | Reached skill level 17 in Fighting
  2260 | D        | Killed an orc wizard
  2261 | D        | Killed an orc sorcerer
  2262 | D        | Killed an orc wizard
  2263 | D        | Killed an orc wizard
  2267 | D        | Noticed an orc sorcerer
  2267 | D        | Killed an orc wizard
  2269 | D        | Found Atamagri's Book Boutique.
  2271 | D        | Killed an orc sorcerer
  2273 | D        | Killed an orc sorcerer
  2278 | D        | Found Kaduck's Antique Weapon Shop.
  2280 | D        | Noticed an orc sorcerer
  2281 | D        | Noticed an orc sorcerer
  2282 | D        | Noticed an orc sorcerer
  2286 | D        | Killed an orc sorcerer
  2286 | D        | Reached skill level 18 in Fighting
  2289 | D        | Noticed a soul eater
  2289 | D        | Killed an orc sorcerer
  2291 | D        | Noticed an orc wizard
  2292 | D        | Killed an orc sorcerer
  2294 | D        | Noticed an orc wizard
  2299 | D        | Killed an orc wizard
  2300 | D        | Killed an orc wizard
  2338 | D        | Bought a scroll of magic mapping for 45 gold pieces
  2338 | D        | Bought a scroll of acquirement for 676 gold pieces
  2338 | D        | Bought a scroll of blinking for 97 gold pieces
  2340 | D        | Bought a phantom mirror for 360 gold pieces
  2340 | D        | Bought a scroll of enchant armour for 90 gold pieces
  2395 | D        | Noticed a wolf
  2396 | D        | Noticed Grum
  2400 | D        | Noticed a wolf
  2400 | D        | Killed a wolf
  2406 | D        | Killed Grum
  2409 | D        | Killed a wolf
  2525 | D        | Got the +7 morningstar of Righteous Anger {flame, rPois+ MR+ Str+4}
  2563 | D        | Noticed a giant frog
  2563 | D        | Noticed a basilisk
  2563 | D        | Noticed a wraith
  2563 | D        | Noticed a centaur warrior
  2564 | D        | Noticed a giant frog
  2568 | D        | Killed a centaur warrior
  2569 | D        | Noticed an ice dragon
  2575 | D        | Killed a wraith
  2577 | D        | Noticed a hill giant
  2577 | D        | Killed a basilisk
  2578 | D        | Killed a giant frog
  2579 | D        | Noticed an emperor scorpion
  2582 | D        | Noticed a manticore
  2585 | D        | Killed a giant frog
  2595 | D        | Killed an ice dragon
  2600 | D        | Killed a hill giant
  2618 | D        | Killed a manticore
  2619 | D        | Killed an emperor scorpion
  2619 | D        | Reached XP level 12. HP: 81/128 MP: 30/30
  2627 | D        | Noticed a wizard
  2628 | D        | Noticed a yaktaur
  2628 | D        | Noticed a green ugly thing
  2631 | D        | Killed a wizard
  2631 | D        | Reached skill level 19 in Long Blades
  2633 | D        | Killed a yaktaur
  2635 | D        | Killed a green ugly thing
  2647 | D        | Gained mutation: You are clumsy. (Dex -2) [mutagenic meat]
  2648 | D        | Gained mutation: Your natural rate of healing is unusually fast. [mutagenic meat]
  2772 | D        | Noticed Gastronok
  2781 | D        | Killed Gastronok
  2845 | D        | Noticed a water elemental
  2845 | D        | Noticed a water nymph
  2845 | D        | Noticed a water elemental
  2845 | D        | Noticed a water nymph
  2845 | D        | Noticed a griffon
  2845 | D        | Noticed a wind drake
  2845 | D        | Noticed a sea snake
  2851 | D        | Noticed a cyclops
  2853 | D        | Killed a sea snake
  2866 | D        | Killed a wind drake
  2866 | D        | Reached skill level 20 in Long Blades
  2870 | D        | Killed a griffon
  2877 | D        | Killed a water nymph
  2884 | D        | Killed a water nymph
  2888 | D        | Killed a water elemental
  2890 | D        | Killed a water elemental
  2896 | D        | Killed a cyclops
  2906 | D        | Noticed a siren
  2916 | D        | Killed a siren
  2916 | D        | Reached skill level 21 in Long Blades
  2918 | D        | Noticed a water moccasin
  2918 | D        | Noticed a black mamba
  2918 | D        | Noticed a naga
  2918 | D        | Noticed an anaconda
  2918 | D        | Noticed a naga mage
  2918 | D        | Noticed a water moccasin
  2918 | D        | Noticed a black mamba
  2920 | D        | Noticed an anaconda
  2922 | D        | Killed a black mamba
  2922 | D        | Killed a water moccasin
  2925 | D        | Killed a naga mage
  2925 | D        | Killed an anaconda
  2926 | D        | Killed a naga
  2928 | D        | Killed an anaconda
  2930 | D        | Noticed a shock serpent
  2930 | D        | Killed a black mamba
  2932 | D        | Killed a shock serpent
  2937 | D        | Killed a water moccasin
  2995 | D        | Noticed an alligator
  2995 | D        | Noticed a giant leech
  2995 | D        | Noticed an alligator
  2995 | D        | Noticed a shadow
  2996 | D        | Noticed a ghost crab
  2999 | D        | Noticed a shambling mangrove
  3001 | D        | Killed a shadow
  3007 | D        | Killed an alligator
  3007 | D        | Reached skill level 22 in Long Blades
  3007 | D        | Killed an alligator
  3008 | D        | Killed a giant leech
  3044 | D        | Noticed a spectral fire giant
  3055 | D        | Killed a shambling mangrove
  3058 | D        | Killed a ghost crab
  3210 | D        | Noticed a wolf spider
  3210 | D        | Noticed a demonic crawler
  3210 | D        | Noticed a tarantella
  3210 | D        | Noticed a demonic crawler
  3210 | D        | Noticed an emperor scorpion
  3210 | D        | Noticed a ghost moth
  3222 | D        | Killed a ghost moth
  3226 | D        | Killed a tarantella
  3228 | D        | Killed a wolf spider
  3233 | D        | Killed an emperor scorpion
  3240 | D        | Killed a demonic crawler
  3246 | D        | Killed a demonic crawler
  3360 | D        | Noticed a trapdoor spider
  3361 | D        | Noticed a trapdoor spider
  3363 | D        | Killed a trapdoor spider
  3369 | D        | Killed a trapdoor spider
  3369 | D        | Reached XP level 13. HP: 136/136 MP: 31/31
  3376 | D        | Noticed a trapdoor spider
  3376 | D        | Killed a trapdoor spider
  3475 | D        | Noticed an ice dragon
  3475 | D        | Noticed a fire dragon
  3475 | D        | Noticed a frost giant
  3475 | D        | Noticed a deep elf conjurer
  3475 | D        | Noticed an ettin
  3475 | D        | Noticed a manticore
  3475 | D        | Noticed a tengu reaver
  3486 | D        | Killed a tengu reaver
  3486 | D        | Reached skill level 15 in Armour
  3487 | D        | Noticed a frost giant
  3489 | D        | Killed a manticore
  3490 | D        | Noticed a sphinx
  3492 | D        | Noticed an ice dragon
  3493 | D        | Killed an ettin
  3494 | D        | Killed a deep elf conjurer
  3501 | D        | Killed a frost giant
  3511 | D        | Killed a fire dragon
  3521 | D        | Killed an ice dragon
  3528 | D        | Killed a frost giant
  3531 | D        | Killed a sphinx
  3531 | D        | Killed an ice dragon
  3550 | D        | Gained mutation: You are frail (-10% HP). [potion of mutation]
  3550 | D        | Gained mutation: You are resistant to hostile enchantments. [potion of mutation]
  3550 | D        | Gained mutation: You are highly resistant to hostile enchantments. [potion of mutation]
  3715 | D        | Noticed a tengu conjurer
  3716 | D        | Noticed a deep elf knight
  3716 | D        | Noticed a boggart
  3717 | D        | Noticed a stone giant
  3718 | D        | Noticed an ice dragon
  3724 | D        | Killed a tengu conjurer
  3727 | D        | Killed a deep elf knight
  3731 | D        | Noticed a fire giant
  3731 | D        | Killed a boggart
  3733 | D        | Noticed a lich
  3740 | D        | Killed a stone giant
  3742 | D        | Noticed a Brimstone Fiend
  3744 | D        | Killed an ice dragon
  3747 | D        | Killed a fire giant
  3752 | D        | Noticed a balrug
  3760 | D        | Noticed a lorocyproca
  3760 | D        | Killed a lich
  3772 | D        | Noticed a necromancer
  3779 | D        | Killed a necromancer
  3816 | D        | Noticed a necromancer
  3816 | D        | Noticed a griffon
  3816 | D        | Noticed a yaktaur
  3816 | D        | Noticed a giant orange brain
  3816 | D        | Noticed an orc knight
  3816 | D        | Noticed an ironheart preserver
  3816 | D        | Noticed an orc knight
  3818 | D        | Noticed a cyclops
  3820 | D        | Killed an orc knight
  3827 | D        | Killed an ironheart preserver
  3828 | D        | Noticed a guardian serpent
  3842 | D        | Killed an orc knight
  3842 | D        | Reached skill level 5 in Dodging
  3842 | D        | Reached XP level 14. HP: 135/135 MP: 32/32
  3853 | D        | Killed a yaktaur
  3855 | D        | Killed a giant orange brain
  3857 | D        | a guardian serpent changed into a swamp dragon
  3860 | D        | Killed a griffon
  3869 | D        | Killed a necromancer
  3875 | D        | Killed a cyclops
  3880 | D        | Noticed a hill giant
  3902 | D        | Killed a hill giant
  3915 | D        | Noticed a queen bee
  3916 | D        | Noticed an ogre mage
  3917 | D        | Noticed a yaktaur captain
  3918 | D        | Noticed a boulder beetle
  3923 | D        | Killed a queen bee
  3926 | D        | Noticed an ironheart preserver
  3927 | D        | Killed a yaktaur captain
  3928 | D        | Noticed a centaur warrior
  3930 | D        | Killed an ogre mage
  3936 | D        | Killed a boulder beetle
  3944 | D        | Killed an ironheart preserver
  3944 | D        | Reached skill level 10 in Dodging
  3949 | D        | Killed a centaur warrior
  4037 | D        | Noticed a deep elf priest
  4038 | D        | Noticed a phantasmal warrior
  4039 | D        | Noticed an ironbrand convoker
  4040 | D        | Noticed a deep elf fighter
  4042 | D        | Killed a phantasmal warrior
  4046 | D        | Killed a deep elf priest
  4049 | D        | Killed an ironbrand convoker
  4050 | D        | Killed a deep elf fighter
  4065 | D        | Gained mutation: You heal very quickly. [mutagenic meat]
  4066 | D        | Lost mutation: You have supernaturally acute eyesight. [mutagenic meat]
  4087 | D        | Noticed Norris
  4088 | D        | Noticed Nikola
  4101 | D        | Killed Norris
  4104 | D        | Killed from afar by Nikola

Action                   |  1- 3 |  4- 6 |  7- 9 | 10-12 | 13-15 || total
-------------------------+-------+-------+-------+-------+-------++-------
Melee: Long sword        |    46 |       |       |       |       ||    46
       Scimitar          |     5 |    16 |    92 |   212 |       ||   325
       Triple sword      |       |       |       |    55 |   174 ||   229
       Morningstar       |       |       |       |     5 |       ||     5
Invok: Greater Servant o |       |       |       |    10 |     2 ||    12
Evoke: Wand              |       |     2 |     1 |     2 |       ||     5
  Use: Potion            |       |     1 |     2 |     5 |     4 ||    12
       Scroll            |       |       |       |    12 |     3 ||    15
  Eat: Chunk             |       |       |     2 |    11 |     7 ||    20
